 Dungeon Crawl Stone Soup version 0.24-a0-114-g5d539f0 (webtiles) character file.

Game seed: 16345207172273524677

97 LordEnrai the Chopper (level 4, -3/41 HPs)
             Began as a Minotaur Berserker on Feb 15, 2019.
             Was a Believer of Trog.
             Slain by an orc priest
             ... wielding a +0 hand axe
              (4 damage)
             ... on level 3 of the Dungeon.
             The game lasted 00:03:29 (2029 turns).

LordEnrai the Chopper (Minotaur Berserker)          Turns: 2029, Time: 00:03:30

Health: -3/41      AC:  3    Str: 22    XL:     4   Next: 42%
Magic:  3/3        EV: 12    Int:  4    God:    Trog [**....]
Gold:   50         SH:  0    Dex: 10    Spells: 3/3 levels left

rFire    . . .     SeeInvis .   a - +0 hand axe
rCold    . . .     Gourm    .   (no shield)
rNeg     . . .     Faith    .   b - +0 animal skin
rPois    .         Spirit   .   (helmet restricted)
rElec    .         Reflect  .   e - +0 cloak
rCorr    .         Harm     .   (no gloves)
MR       ++...                  (no boots)
Stlth    +.........             d - amulet of the acrobat
HPRegen  1.13/turn              (no ring)
MPRegen  0.08/turn              (no ring)

@: regenerating
A: retaliatory headbutt, horns 2
a: Berserk, Trog's Hand, Renounce Religion


You were on level 3 of the Dungeon.
You worshipped Trog.
Trog was pleased with you.
You were hungry.

You visited 1 branch of the dungeon, and saw 3 of its levels.

You collected 50 gold pieces.

Inventory:

Hand Weapons
 a - a +0 hand axe (weapon)
Armour
 b - a +0 animal skin (worn)
 e - a +0 cloak (worn)
Jewellery
 d - an amulet of the acrobat (around neck)
Comestibles
 c - 2 rations


   Skills:
 + Level 4.3 Fighting
 * Level 5.3 Axes
 + Level 2.7 Armour
 + Level 2.9 Dodging


You had 3 spell levels left.
You didn't know any spells.
Your spell library was empty.

Dungeon Overview and Level Annotations

Branches:
Dungeon (3/15)

Altars:


Innate Abilities, Weirdness & Mutations

You reflexively headbutt those who attack you in melee.
You have a pair of horns on your head.


Message History

You hit the orc but do no damage.
The orc priest looks braver for a moment.
You hit the orc. Your headbutt misses the orc.
The orc is severely wounded.
You hit the orc priest.
The orc priest hits you with a +0 hand axe!
The orc barely misses you.
You hit the orc.
You kill the orc!
Trog accepts your kill.
You barely miss the orc priest. The orc priest closely misses you.
Your skin crawls.
You feel resistant to hostile enchantments.
You feel somewhat more hungry.
A quokka comes into view.
The orc priest invokes the aid of Beogh against you.
Beogh smites you!
* * * LOW HITPOINT WARNING * * *
The orc priest hits you with a +0 hand axe.
You die...

##############
#......@).o..#
##.##....o......
########..##.#####r#.##
#........##...####.#
#.######...<....(..#
#.##...####.#
#.######.##..##
#.......[..#.#
..######.##..#


You could see 2 orc priests and a quokka (wandering).

Vanquished Creatures
  4 adders
  An ooze (D:1)
  2 worms (D:2)
  2 dart slugs (D:1)
  An orc (D:3)
  2 ball pythons
  A giant cockroach (D:2)
  5 goblins
  4 hobgoblins
  10 jackals
  A quokka (D:2)
  4 bats (D:1)
  4 frilled lizards (D:1)
  2 kobolds
  4 rats
47 creatures vanquished.

Notes
Turn   | Place    | Note
-------+----------+-------------------------------------------
     0 | D:1      | LordEnrai the Minotaur Berserker began the quest for the
                  | Orb.
     0 | D:1      | Reached XP level 1. HP: 19/19 MP: 0/0
    67 | D:1      | Reached skill level 4 in Axes
    84 | D:1      | Reached XP level 2. HP: 15/27 MP: 1/1
   600 | D:1      | Reached XP level 3. HP: 32/33 MP: 2/2
  1068 | D:2      | Reached ** piety under Trog
  1714 | D:2      | Reached skill level 5 in Axes
  1714 | D:2      | Reached XP level 4. HP: 40/40 MP: 3/3
  2029 | D:3      | HP: 1/41 [orc priest/divine providence (14)]
  2029 | D:3      | Slain by an orc priest

Levels and vault maps discovered:
D:1:      onia_arrival_mini_maze_b, layout_loops_ring, minmay_unequal
D:2:      layout_rooms
D:3:      layout_loops_ring, gammafunk_temple_overflow_statue,
          lemuel_doored_altar, kennysheep_vampire_church, first_ration,
          uniq_jessica

Skill      XL: |  1  2  3 |
---------------+----------+-----
Axes           | 4 5 |  5.3
Fighting       | 4 |  4.3
Armour         | |  2.7
Dodging        | |  2.9

Action                   |  1- 3 |  4- 6 || total
-------------------------+-------+-------++-------
Melee: Hand axe          |    84 |    21 ||   105
       Headbutt          |    14 |     2 ||    16
Invok: Trog's Hand       |       |     1 ||     1
  Use: Potion            |     2 |       ||     2
       Scroll            |     1 |     2 ||     3
  Eat: Chunk             |     2 |     1 ||     3
Armor: Animal skin       |    16 |     3 ||    19
Dodge: Dodged            |    68 |    19 ||    87

Table legend:
 A = Non-vault XP
 B = Vault XP
 C = Vault XP percentage of total XP
 D = Non-vault monster count
 E = Vault monster count
 F = Vault count percentage of total count
                 A         B        C        D         E       F
            +---------+---------+-------+---------+---------+-------
      Total |     136 |       3 |   2.2 |      45 |       2 |   4.3
            +---------+---------+-------+---------+---------+-------
        D:1 |      40 |       3 |   7.0 |      20 |       2 |   9.1
        D:2 |      77 |       0 |   0.0 |      21 |       0 |   0.0
        D:3 |      19 |       0 |   0.0 |       4 |       0 |   0.0
            +---------+---------+-------+---------+---------+-------
